Workbook
Name CMedios: Medios[Descripción]
Name CRespuestas: Fundamentación!$C$13:$C$24
Name CTramites: Fundamentación!$C$29:$C$31

Sheet Fundamentación
A1: Art | B1: Fracc | C1: Contenido
A2: 34 | B2: XV | C2: Recibir y sistematizar y, en su caso, requerir los informes mensuales que deberán enviarle los sujetos obligados, relativos a la recepción y tramitación de solicitudes de información pública que hayan recibido
A3: 54 | B3: VIII | C3: Llevar un registro de las solicitudes de acceso a la información, respuestas, resultados, costos de reproducción y envío
A4: 54 | B4: XII | C4: Informar por escrito a la CEGAIP, de forma mensual, sobre las solicitudes de información recibidas, el trámite y respuesta correspondiente en cada caso
B10: Catálogo de Tipos de Respuesta
B12: Respuesta | C12: Descripción
B13: 1 | C13: Información reservada.
B14: 2 | C14: Información confidencial.
B15: 3 | C15: Se pone a disposición la información para consulta directa.
B16: 4 | C16: Se requiere al solicitante.
B17: 5 | C17: Se tiene por no presentada la solicitud de información, por no atender requerimiento en plazo.
B18: 6 | C18: Sujeto obligado no competente, se le orienta ante qué sujeto obligado presentar su solicitud de información.
B19: 7 | C19: Información se encuentra disponible en la Plataforma.
B20: 8 | C20: Entrega de información por correo electrónico.
B21: 9 | C21: Entrega de información previo pago correspondiente.
B22: 10 | C22: Información Inexistente
B23: 11 | C23: Ampliación de Plazo
B24: 12 | C24: Otros
B26: Catálogo de Tipos de Trámites
B28: Trámite | C28: Descripción
B29: 1 | C29: Recibida
B30: 2 | C30: En trámite
B31: 3 | C31: Contestada
B34: Catálogo de Medios de Envío de la Respuesta
B36: Medio | C36: Descripción
B37: 1 | C37: PNT
B38: 2 | C38: Correo postal tradicional o por correo certificado con acuse de recibo
B39: 3 | C39: Correo electrónico
B40: 4 | C40: Personal
B41: 5 | C41: Telégrafo
B42: 6 | C42: Verbal

Sheet Formato
A1: Mes que reporta | B1: 7 | C1: <== Escriba en esta celda el número de mes que reporta y el año | F1: Resumen | G1: No. de solicitudes recibidas en el mes | H1: =COUNTIF(Formato!$I$10:$L$42,B1) -> 33 | I1: <== No escriba aquí nada, el formato calcula automáticamnete estos valores
B2: =IF(B1>0, CHOOSE(B1,"Enero", "Febrero", "Marzo", "Abril", "Mayo", "Junio", "Julio", "Agosto","Septiembre","Octubre","Noviembre","Diciembre"),"Escriba arriba número de mes a reportar") -> Julio | G2: No. de solicitudes respondidas en el mes | H2: =COUNTIF(Formato!$M$10:$M$42,B1) -> 23 | I2: <== No escriba aquí nada, el formato calcula automáticamnete estos valores
A3: Año que reporta | B3: 2019 | M3: Notas:
M4: 1 | N4: Solamente se capturan datos en celdas en amarillo.
M5: 2 | N5: Los folios pueden ser recibidos en un mes y contestados en otro. Para su correcta contabilización, si un folio es recibido en un mes y contestado en el siguiente, deberá incluirse en ambos reportes. El resumen tomará en cuenta esto para no cotabilizarlo doble.
A6: Reporte enviado a la CEGAIP, Art 34FXV , Art 54FVIII y XII
D7: Actualizado 22/02/2019
A9: Número de folio. | B9: Nombre del solicitante | C9: Fecha de Recepción | D9: Información Solicitada | E9: Trámite | F9: Respuesta | G9: Fecha de Respuesta | H9: Resultado | I9: Costo de Reproducción | J9: Medio de Notificación | K9: Costo de envio | L9: Mes de Recepción | M9: Mes de Respuesta
A10: CEGAIP-SI-022/2019-MANUAL | B10: JESÚS FEDERICO PIÑA FRAGA | C10: 43663 | D10: solicito el acceso y consulta a toda la documentación oficial que se generó por parte de los tres comisionados y las acciones con las medidas que se tomaron y levaron a cabo después de esas reuniones con las autoridades educativas estatales, para el apoyo solicitado en material y trabajo en colaboración en transparencia | E10: Contestada | F10: Se pone a disposición la información para consulta directa. | G10: 43686 | H10: Con fundamento en el artículo 151 de la Ley de Transparencia y Acceso a la Información Pública del Estado de San Luis Potosí, se le informa al respecto que, de una búsqueda dentro de los archivos que obran en esta Unidad Administrativa, se encontraron las reuniones que usted refiere, por lo que se adjunta a la presente, copia simple de las agendas del suscrito de los meses agosto y septiembre del año 2018, en donde encontrará la información solicitada por Usted. Asimismo, le reitero que el suscrito no ha tenido reunión alguna con el titular de la Secretaría de Educación de Gobierno del Estado, Ing. Joel Ramírez Díaz, en la cual haya sido acompañado por las Comisionadas que integran este Organismo Constitucional Autónomo, en las respectivas fechas, tal y como se le mencionó en la respuesta a su solicitud de información CEGAIP-SI-018/2019-MANUAL. Con respecto a las reuniones que hace mención en la presente solicitud de información, y que el suscrito, de manera personal y sin compañía alguna de funcionarios de la CEGAIP, sostuvo con el Titular de la Secretaría de Educación de Gobierno del Estado, Ing. Joel Ramírez Díaz, se le informa que no se generó documentación alguna por parte de este Sujeto Obligado, toda vez que las mismas tuvieron por objeto, presentar de manera informal al nuevo personal de ese sujeto obligado que colaboraría en la Unidad de Transparencia, así como platicar de la coordinación que llevarían a cabo internamente para atender de manera correcta las solicitudes de información que recibiera la propia Dependencia; por lo que resulta necesario hacer de su conocimiento que no se elaboró documentos alguno, ya que los asuntos allí tratados no lo requerían al carecer de la formalidad debida. Lo anterior encuentra sustento en el criterio 03/17, emitido por el Pleno del Instituto Nacional de Transparencia, Acceso a la Información y Protección de Datos Personales (INAI), que señala lo siguiente: “No existe obligación de elaborar documentos ad hoc para atender las solicitudes de acceso a la información. Los artículos 129 de la Ley General de Transparencia y Acceso a la Información Pública y 130, párrafo cuarto, de la Ley Federal de Transparencia y Acceso a la Información Pública, señalan que los sujetos obligados deberán otorgar acceso a los documentos que se encuentren en sus archivos o que estén obligados a documentar, de acuerdo con sus facultades, competencias o funciones, conforme a las características físicas de la información o del lugar donde se encuentre. Por lo anterior, los sujetos obligados deben garantizar el derecho de acceso a la información del particular, proporcionando la información con la que cuentan en el formato en que la misma obre en sus archivos; sin necesidad de elaborar documentos ad hoc para atender las solicitudes de información.” Además, al no encontrar la información referida en los términos por el solicitante, resulta innecesario declarar la inexistencia de la misma; lo anterior, con fundamento en el criterio 07/17, emitido por el Pleno del Instituto Nacional de Transparencia, Acceso a la Información y Protección de Datos Personales (INAI), que señala lo siguiente: “Casos en los que no es necesario que el Comité de Transparencia confirme formalmente la inexistencia de la información. La Ley General de Transparencia y Acceso a la Información Pública y la Ley Federal de Transparencia y Acceso a la Información Pública establecen el procedimiento que deben seguir los sujetos obligados cuando la información solicitada no se encuentre en sus archivos; el cual implica, entre otras cosas, que el Comité de Transparencia confirme la inexistencia manifestada por las áreas competentes que hubiesen realizado la búsqueda de la información. No obstante, lo anterior, en aquellos casos en que no se advierta obligación alguna de los sujetos obligados para contar con la información, derivado del análisis a la normativa aplicable a la materia de la solicitud; y además no se tengan elementos de convicción que permitan suponer que ésta debe obrar en sus archivos, no será necesario que el Comité de Transparencia emita una resolución que confirme la inexistencia de la información.” No obstante, como ya se le ha informado, las asistencias a dichas reuniones fueron documentadas en las agendas del suscrito. Asimismo, se hace de su conocimiento que la información se le entrega en el estado en que se encuentra, de conformidad con el artículo 60 y 61 de la Ley de Transparencia y Acceso a la Información Pública del Estado de San Luis Potosí. Con gusto le informo que con fundamento al artículo 151 de la Ley de Transparencia y Acceso a la Información Pública del Estado de San Luis Potosí, adjunto a la presente copia simple de la agenda del mes de agosto del 2018. En un ejercicio de Transparencia proactiva en relación con el principio de máxima publicidad establecido en el artículo 8° fracción VI de la materia, hago de su conocimiento que, en la agenda que se anexa al presente documento, encontrará dos reuniones que sostuve con el Secretario de Educación, la primera fue el día 24 de agosto del 2018, en punto de las 14:00 hrs, en las instalaciones de la Secretaría de Educación de Gobierno del Estado, reunión a la que también asistió la Profesora Griselda Álvarez Oliveros Directora General del Sistema Educativo Estatal Regular y en la cual el objetivo de la reunión fue tratar temas de transparencia específicamente relacionado con las obligaciones de transparencia de la Secretaría de Educación de Gobierno del Estado y del Sistema Educativo Estatal Regular, la segunda reunión fue el día 31 de agosto del 2018, contando con la asistencia de la Comisionada Numeraria de la CEGAIP la Lic. Mariajosé González Zarzosa y la Lic. Jessica Carreón Carrizales Secretaria Técnica de la CEGAIP, en punto de las 10:30 hrs, en las instalaciones dela Secretaría de Educación de Gobierno del Estado, siendo el objetivo de la reunión programar acciones enfocadas en la Protección de Datos Personales y el Acceso a la Información Pública para el ciclo escolar 2018-2019, además de solicitar apoyo para la generación de material de promoción para la comunidad educativa a nivel básico, específicamente preescolar y primaria. De igual manera, le comunico que en dichas reuniones no se generó documentación oficial, además le informo que las reuniones se solicitaron de manera telefónica. Lo anterior encuentra sustento en el criterio 03/17, emitido por el Pleno del Instituto Nacional de Transparencia, Acceso a la Información y Protección de Datos Personales (INAI), que señala lo siguiente: “No existe obligación de elaborar documentos ad hoc para atender las solicitudes de acceso a la información. Los artículos 129 de la Ley General de Transparencia y Acceso a la Información Pública y 130, párrafo cuarto, de la Ley Federal de Transparencia y Acceso a la Información Pública, señalan que los sujetos obligados deberán otorgar acceso a los documentos que se encuentren en sus archivos o que estén obligados a documentar, de acuerdo con sus facultades, competencias o funciones, conforme a las características físicas de la información o del lugar donde se encuentre. Por lo anterior, los sujetos obligados deben garantizar el derecho de acceso a la información del particular, proporcionando la información con la que cuentan en el formato en que la misma obre en sus archivos; sin necesidad de elaborar documentos ad hoc para atender las solicitudes de información.” Resulta aplicable el referido criterio, ya que en aras de garantizar la eficiencia del derecho de acceso a la información, la Ley de Transparencia Local estableció los criterios mínimos que deben considerar los Sujetos Obligados, como lo es la publicidad de la información para efecto de que se evidencie toda aquella actuación o decisión pública sujeta al escrutinio público, esto a través de las obligaciones de transparencia, que se encuentran previstas en la Ley de la materia, en el artículo 84 fracción XII de la citada normatividad es decir, la agenda de actividades y las reuniones públicas llevadas a cabo por la suscrita, por lo que no existe obligación de elaborar documentos ad hoc para atender la presente solicitud de información. Además, al no encontrar la información referida en los términos por el solicitante, resulta innecesario declarar la inexistencia de la misma; lo anterior, con fundamento en el criterio 07/17, emitido por el Pleno del Instituto Nacional de Transparencia, Acceso a la Información y Protección de Datos Personales (INAI), que señala lo siguiente: “Casos en los que no es necesario que el Comité de Transparencia confirme formalmente la inexistencia de la información. La Ley General de Transparencia y Acceso a la Información Pública y la Ley Federal de Transparencia y Acceso a la Información Pública establecen el procedimiento que deben seguir los sujetos obligados cuando la información solicitada no se encuentre en sus archivos; el cual implica, entre otras cosas, que el Comité de Transparencia confirme la inexistencia manifestada por las áreas competentes que hubiesen realizado la búsqueda de la información. No obstante, lo anterior, en aquellos casos en que no se advierta obligación alguna de los sujetos obligados para contar con la información, derivado del análisis a la normativa aplicable a la materia de la solicitud; y además no se tengan elementos de convicción que permitan suponer que ésta debe obrar en sus archivos, no será necesario que el Comité de Transparencia emita una resolución que confirme la inexistencia de la información.” Asimismo, se hace de su conocimiento que la información se le entrega en el estado en que se encuentra, de conformidad con el artículo 60 y 61 de la Ley de Transparencia y Acceso a la Información Pública del Estado de San Luis Potosí. Finalmente, de conformidad con el artículo 154 tercer párrafo de la Ley de Transparencia y Acceso a la Información Pública del Estado de San Luis Potosí, se le informa que en caso de inconformidad podrá interponer el recurso de revisión establecido en el artículo 166 de la Ley de Transparencia y Acceso a la Información Pública del Estado de San Luis Potosí. | I10: NINGUNO | J10: Personal | K10: NINGUNO | L10: =IF(Formato!$C10<>"",MONTH(C10),"") -> 7 | M10: =IF(Formato!$G10<>"",MONTH(G10),"") -> 8
A11: CEGAIP-SI-197/2019-00997719-PNT | B11: GRISELDA HARO DAVILA | C11: 43663 | D11: COPIA ELECTRONICA DEL EXPEDIENTE NUMERO CEGAIP-PISA-085/2016-1 | E11: En trámite | F11: Información se encuentra disponible en la Plataforma. | H11: Al cierre del mes, esta solicitud se encuentra en trámite según los plazos establecidos en la Ley de Transparencia y Acceso a la Información Pública del Estado. | I11: NINGUNO | J11: PNT | K11: NINGUNO | L11: =IF(Formato!$C11<>"",MONTH(C11),"") -> 7 | M11: =IF(Formato!$G11<>"",MONTH(G11),"")
A12: CEGAIP-SI-196/2019-00989419-PNT | B12: Miguel Gutierrez Lopez | C12: 43662 | D12: Solicitud de información: Situación de la Población Penitenciaria en el Centro Estatal de Reinserción Social 1 La Pila Se solicita información detallada de los siguientes elementos característicos de cada una las personas reclusas sentenciadas en el Centro Estatal de Reinserción Social 1 La Pila: Sexo, Edad, Escolaridad, Nacionalidad, Año de ingreso, Tipo de ingreso, Hecho delictivo imputado, Actividad ocupacional, Tiempo que se han encontrado privadas de su libertad, Situación de salud, Diagnóstico psiquiátrico, Duración de la pena de prisión. Se solicita información detallada de los siguientes elementos característicos de cada una las personas reclusas en proceso de sentencia o procesadas (prisión preventiva) Centro Estatal de Reinserción Social 1 La Pila: Sexo, Edad, Escolaridad, Nacionalidad, Año de ingreso, Tipo de ingreso, Hecho delictivo imputado, Actividad ocupacional, Tiempo que se han encontrado privadas de su libertad, Situación de salud, Diagnóstico psiquiátrico | E12: Contestada | F12: Información se encuentra disponible en la Plataforma. | G12: 43663 | H12: Se hace de su conocimiento con fundamento en el artículo 158 de la Ley de Transparencia y Acceso a la Información Pública del Estado de San Luis Potosí, y que en virtud de que el artículo 32 fracción X, del Reglamento Interior de la Comisión Estatal de Garantía de Acceso a la Información Pública del Estado de San Luis Potosí, solamente establece la obligación de que esta Comisión por medio de las Unidades Administrativas, atiendan y contesten dentro de su ámbito de competencia las solicitudes de acceso a la Información a través de la Unidad de Transparencia, esta Comisión Estatal de Garantía y Acceso a la Información de San Luis Potosí, no genera, resguarda o posee lo relativo a la información a que se refiere en su solicitud, así como tampoco es posible canalizar o turnar su requerimiento, ya que no podemos actuar como intermediarios entre usted y el Sujeto Obligado competente para atender su petición. Por lo anteriormente mencionado, me permito comunicarle que la información solicitada no se encuentra dentro de nuestras obligaciones según lo establecido en los artículos 20 y 151 de la Ley de Transparencia y Acceso a la información Pública del Estado de San Luis Potosí, ya que únicamente existe la obligación legal y administrativa de contar con la documentación que pertenece a la Institución, mas no aquella que refiere en su petición, es por ello que con fundamento en el artículo 54 fracción III de la Ley Estatal de la materia le sugiero que pudiera replantear su solicitud de manera clara y especifica también a través del Sistema de Solicitudes de Acceso a la Información (INFOMEX), en Ente Obligado: Poder Ejecutivo y en Dependencia o Entidad Pública: Secretaría General de Gobierno, siendo este el sujeto obligado considerado que pudiera atender o en su caso orientar lo referente a su solicitud. De igual manera y si lo prefiere, puede presentarla directamente ante la Unidad de Transparencia de la entidad obligada antes mencionada, de la cual a continuación proporciono sus datos extraídos de la Plataforma Estatal de Transparencia, los cuales también puede consultar en la siguiente liga electrónica: http://www.cegaipslp.org.mx/webcegaip2019.nsf/2e2c2e16181e1bc98625817700671a6a/bb529676ebe8897f8625842b00590090?OpenDocument TITULAR DE LA UNIDAD DE TRANSPARENCIA: JOSÉ ÁNGEL LARA GARCIA Dirección: Peatonal Jardín Hidalgo 11, Ciudad San Luis Potosí, San Luis Potosí C.P. 78000 Teléfonos: 1442609 276 1442609 277 Horario: 08:00 a 15:00 hrs. Correo electrónico: sgg_unidad_informacion@slp.gob.mx | I12: NINGUNO | J12: PNT | K12: NINGUNO | L12: =IF(Formato!$C12<>"",MONTH(C12),"") -> 7 | M12: =IF(Formato!$G12<>"",MONTH(G12),"") -> 7
A13: CEGAIP-SI-195/2019-00986119-PNT | B13: Miguel Gutierrez Lopez | C13: 43661 | D13: primera sentencia de amparo | E13: En trámite | F13: Se requiere al solicitante. | G13: 43682 | H13: Al cierre del mes, esta solicitud se encuentra en trámite según los plazos establecidos en la Ley de Transparencia y Acceso a la Información Pública del Estado. | I13: NINGUNO | J13: PNT | K13: NINGUNO | L13: =IF(Formato!$C13<>"",MONTH(C13),"") -> 7 | M13: =IF(Formato!$G13<>"",MONTH(G13),"") -> 8
A14: CEGAIP-SI-194/2019-00976419-PNT | B14: mauricio javier puente ZAMORA | C14: 43661 | D14: solicito copia digital de todas las resoluciones de recurso de revisión con sus respectivas respuestas de los municipios de soledad de graciano sanchez, real de catorce y cerro de san pedro en el periodo de 1 de octubre a la fecha de la solicitud | E14: En trámite | F14: Información se encuentra disponible en la Plataforma. | H14: Al cierre del mes, esta solicitud se encuentra en trámite según los plazos establecidos en la Ley de Transparencia y Acceso a la Información Pública del Estado. | I14: NINGUNO | J14: PNT | K14: NINGUNO | L14: =IF(Formato!$C14<>"",MONTH(C14),"") -> 7 | M14: =IF(Formato!$G14<>"",MONTH(G14),"")
A15: CEGAIP-SI-021/2019-MANUAL | B15: JESÚS FEDERICO PIÑA FRAGA | C15: 43657 | D15: SOLICITO ACCESO Y CONSULTA A LOS DOCUMENTOS OFICIALES QUE ACREDITEN LA ESTANCIA, ASISTENCIA, SERVICIOS Y TODO LO QUE SE HAYA GENERADO PARA QUE LA LIC. JAZMIN ALEJANDRA TORRES GUEVARA QUIEN LABORO O ASISTIO A LAS INSTALACIONES DE ESA COMISION DURANTE DIAS MESES O AÑOS. | E15: Contestada | F15: Se pone a disposición la información para consulta directa. | G15: 43684 | H15: de conformidad con el artículo 43, fracción III del reglamento interior de esta CEGAIP, es a esta dirección a quien le corresponde elaborar los contratos en los que esta Comisión de Transparencia sea parte. Así, después de una búsqueda exhaustiva en los archivos, tanto de manera física como electrónica que están en esta dirección a mi cargo, no encontré documento alguno sobre lo solicitado, es decir, que no existe contrato o documento en donde Jazmín Alejandra Torres Guevara haya recibido alguna contraprestación por parte de esta Comisión de Transparencia derivada de algún tipo de relación contractual. Por último, de conformidad con el artículo 154 de la Ley de Transparencia y Acceso a la Información Pública del Estado hago que conocimiento del solicitante que en contra de la respuesta a la presente solicitud de acceso a la información pública puede interponer el recurso de revisión dentro del plazo de quince días contados a partir del día siguiente de la notificación de la presente respuesta en las oficinas ubicadas en la avenida Cordillera Himalaya 605, Lomas Cuarta Sección o bien, mediante la propia Plataforma Nacional de Transparencia . Al respecto se informa que no obra acuerdo de pleno en el que conste lo solicitado por el peticionario de la información. Se le comunica que dentro de los archivos que genera y resguarda esta dirección de Administración y Finanzas, no obra documento alguno de la Lic. Jazmín Alejandra Torres Guevara, así mismo no ha recibido recurso público del presupuesto de esta Comisión | I15: NINGUNO | J15: Personal | K15: NINGUNO | L15: =IF(Formato!$C15<>"",MONTH(C15),"") -> 7 | M15: =IF(Formato!$G15<>"",MONTH(G15),"") -> 8
A16: CEGAIP-SI-020/2019-MANUAL | B16: JESÚS FEDERICO PIÑA FRAGA | C16: 43657 | D16: SOLICITO CONOCER Y SABER EL NOMBRE-S DE LOS INTEGRANTES DEL PLENO DE ESA COMISION, QUE UNA VEZ QUE RECIBIERON LA COPIA DE CONOCIMIENTO DE MI CUMPLIMIENTO AL REQUERIMIENTO QUE ME HIZO EL CONTRALOR INTERNO DE LA CEGAIP POR CONDUCTO DE LA C.P. NANCY FABIOLA NAVA HERNANDEZ, AUTORIDAD INVESTIGADORA FACULTADA POR EL PLENO Y ADSCRITA AL ORGANO INTERNO DE CONTROL, DE FECHA 11-JUNIO-2019. DICHO CUMPLIMIENTO LO REALICE EL DIA 19-JUNIO-2019, EL CUAL FUE DIRIGIDO A LA CONTRALORIA INTERNA DE LA CEGAIP Y RECIBIDO MISMA FECHA A LAS 15.00 HRS. PERO SE LE ENTREGO COPIA DE CONOCIMIENTO AL PLENO DE LA CEGAIP, SEGÚN SELLO DE RECIBIDO. EL DIA DE AYER AL COMUNICARME CON LA PROYECTISTA DE LA PONENCIA UNO(1) PARA SOLICITARLE LA DEVOLUCION DEL “CD” QUE ENTREGUE PARA SER ESTUDIADO Y ANALIZADO EN RESOLUCION DEL RR-943-2018-1, ME COMENTO QUE ME SOLICITABA UNA COPIA DE DONDE DENUNCIO UN CONFLICTO DE INTERESES, RESPECTO A LA DENUNCIA O CUMPLIMIENTO AL REQUERIMIENTO Y MI CUMPLIMIENTO AL ORGANO INTERNO DE CONTROL, ESTANDO MUY EVIDENTE LA DIVULGACION DEL CONTENIDO DE MI ESCRITO O CUMPLIMIENTO DEL REQUERIMIENTO SOLICITADO POR EL O.I.C… ESTA DIVULGACION LA LLEVO A CABO ALGUIEN DEL PLENO O TODO EL PLENO, POR LO QUE HOY SOLICITO SABER EL NOMBRE O NOMBRES DE QUIENES LE COMUNICARON, INFORMARON, HICIERON DE CONOCIMIENTO DE LA PROYECTISTA MARCELA ACOSTA IBAÑEZ, QUIEN FUE QUIEN ME SOLICITO COPIA PARA SU DEFENSA. POR ESTE MISMO CONDUCTO SOLICITO AL PLENO Y AL ORGANO DE CONTROL INTERNO DE LA CEGAIP, ME INDIQUEN O AUTORICEN LA ENTREGA DE LA COPIA QUE ME FUE SOLICITADA POR LA SERVIDORA PUBLICA MENCIONADA, YA QUE ELLA DICE QUE SE ENTERO POR MEDIO DE LA COPIA QUE SE ENTREGO AL PLENO, ACLARO: NO MENCIONO NADA DE LO QUE SE ENTREGO EN LA CONTRALORIA INTERNA, SINO EN EL PLENO, POR LO QUE AHORA SOLICITO LA AUTORIZACION PARA HACERLE LA ENTREGA NO DE LA COPIA AL PLENO PORQUE ESA NO LA TENGO Y ESA LA PORDRA ENTREGAR EL MISMO PLENO, PERO SI RECIBO AUTORIZACION PARA LA ENTREGA, SERA LA QUE TENGO Y ESTA SELLADA POR LA CONTRALORIA INTERNA Y LA OFICIALIA DE PARTES DE LA CEGAIP. | E16: Contestada | F16: Se pone a disposición la información para consulta directa. | G16: 43682 | H16: En atención a la citada solicitud, en mi carácter de titular del Órgano Interno de Control de esta Comisión tengo a bien manifestar que si bien es cierto el documento objeto de la solicitud deriva de un requerimiento de la autoridad investigadora dependiente de esta contraloría, no es posible manifestarme a lo señalado en el cuerpo del escrito, en virtud de que este órgano se encuentra imposibilitado para indicar o autorizar la entrega de dicho acuse, ya que el documento objeto de la solicitud obra en poder del solicitante, lo anterior de conformidad con el numeral 178 del Código Procesal Administrativo para el Estado. Respecto a la parte de su solicitud de información en el sentido de “SOLICITO CONOCER Y SABER EL NOMBRE-S DE LOS INTEGRANTES DEL PLENO DE ESA COMISIÓN, QUE UNA VEZ QUE RECIBIERON LA COPIA DE CONOCIMIENTO DE MI CUMPLIMIENTO AL REQUIERIMIENTO QUE ME HIZO EL CONTRALOR INTERNO DE LA CEGAIP POR CONDUCTO DE LA C.P. NANCY FABIOLA NAVA HERNANDEZ, AUTORIDAD INVESTIGADORA FACULTADA POR EL PLENO Y ADSCRITA AL ORGANO INTERNO DE CONTROL, DE FECHA 11 DE JUNIO DE 2019. DICHO CUMPLIMIENTO LO REALICE EL DIA 19-JUNIO-2019, EL CUAL FUE DIRIGIDO A LA CONTRALORIA INTERNA DE LA CEGAIP Y RECIBIDO MISMA FECHA A LAS 15.00 Hs., PERO SE LE ENTREGO COPIA DE CONOCIMIENTO AL PLENO DE LA CEGAIP, SEGÚN SELLO DE RECIBIDO”, se informa al peticionario que el escrito de fecha 19 de junio de 2019 a que hace referencia en su solicitud de información, fue enlistado en el orden del día de la Sesión Extraordinaria de fecha 26 de junio de 2019, y los integrantes del Pleno son Paulina Sánchez Pérez del Pozo como Comisionada Presidente, Alejandro Lafuente Torres como Comisionado, Mariajosé González Zarzosa como Comisionada y Rosa María Motilla García como Secretaría de Pleno. Tocante a la parte de su solicitud en el sentido de: “SOLICITO SABER EL NOMBRE O NOMBRES DE QUIENES LE COMUNICARON, INFORMARON, HICIERON DEL CONOCIMIENTO DE LA PROYECTISTA MARCELA ACOSTA IBAÑEZ, QUIEN FUE QUIEN ME SOLICITO COPIA PARA SU DEFENSA”, se informa al peticionario que no obra documento alguno en el que se contenga la información que solicita. En lo que corresponde a la parte de su solicitud en el sentido de: “POR ESTE MISMO CONDUCTO SOLICITO AL PLENO Y AL ÓRGANO DE CONTROL INTERNO DE LA CEGAIP, ME INDIQUEN O AUTORICEN LA ENTREGA DE LA COPIA QUE ME FUE SOLICITADA POR LA SERVIDORA PÚBLICA MENCIONADA, YA QUE ELLA DICE QUE SE ENTERO POR MEDIO DE LA COPIA QUE SE ENTREGO AL PLENO, ACLARO: NO MENCIONO NADA SOBRE LO QUE SE ENTREGO EN LA CONTRALORIA INTERNA SINO EN EL PLENO, POR LO QUE AHORA SOLICITO LA AUTIRIZACION PARA HACERLE LA ENTREGA NO DE LA COPIA AL PLENO PORQUE ESA NO LA TENGO Y SOLO LA PODRA ENTREGAR EL MISMO PLENO, PERO SI RECIBO AUTORIZACION PARA LA ENTREGA SERA LA QUE TENGO Y ESTA SELLADA POR LA CONTRALORIA INTERNA Y LA OFICIALIA DE PARTES DE LA CEGAIP”, le informo que el Pleno de esta Comisión en la Sesión Extraordinaria de fecha 17 de julio de 2019, a través del acuerdo de Pleno CEGAIP-1106/2019.S.E. otorgó respuesta a esta parte de la solicitud, por lo que a continuación se transcribe el mismo para su conocimiento: “……… 8. Asuntos Generales. 8.1.- Se da cuenta con la solicitud de información CEGAIP-SI-20/2019-MANUAL, signada por el C. Jesús Federico Piña Fraga, a través de la cual en lo que a este Pleno corresponde solicita: “…POR ESTE MISMO CONDUCTO SOLICITO AL PLENO Y AL ÓRGANO DE CONTROL INTERNO DE LA CEGAIP, ME INDIQUEN O AUTORICEN LA ENTREGA DE LA COPIA QUE ME FUE SOLICITADA POR LA SERVIDORA PÚBLICA MENCIONADA, YA QUE ELLA DICE QUE SE ENTERO POR MEDIO DE LA COPIA QUE SE ENTREGO AL PLENO, ACLARO: NO MENCIONO NADA SOBRE LO QUE SE ENTREGO EN LA CONTRALORIA INTERNA SINO EN EL PLENO, POR LO QUE AHORA SOLICITO LA AUTIRIZACION PARA HACERLE LA ENTREGA NO DE LA COPIA AL PLENO PORQUE ESA NO LA TENGO Y SOLO LA PODRA ENTREGAR EL MISMO PLENO, PERO SI RECIBO AUTORIZACION PARA LA ENTREGA SERA LA QUE TENGO Y ESTA SELLADA POR LA CONTRALORIA INTERNA Y LA OFICIALIA DE PARTES DE LA CEGAIP…” Comisionada Presidente Paulina Sánchez Pérez del Pozo: Como se ve, lo requerido por el solicitante es una autorización para entregar copia de su acuse de recibo del escrito de fecha 19 de julio de 2019, presentado ante esta Comisión en la misma fecha, es decir, que el peticionario solicita autorización respecto de un documento de su propia autoría y que se encuentra en su poder, por lo que, tomando en cuenta lo anterior, considero que no corresponde a este Pleno otorgar la autorización que solicita, pues el propio peticionario es responsable del uso que realice sobre los documentos que obren en su poder, máxime que en este caso, es un documento que se encuentra firmado por él mismo. Es decir, que la autorización que solicita, se encuentra fuera del marco de las atribuciones encomendadas a este Órgano por Ministerio de Ley. En ese sentido, propongo otorgar respuesta a la parte de su solicitud de información antes transcrita en ese sentido. Se somete a votación el proyecto de resolución propuesto: Comisionada Presidente Paulina Sánchez Pérez del Pozo: A favor. Comisionado Alejandro Lafuente Torres: A favor. Comisionada Mariajosé González Zarzosa: A favor. En consecuencia, con número de acuerdo CEGAIP-1106/2019.S.E. se aprueba por Unanimidad de Votos otorgar respuesta a la parte de la solicitud de información CEGAIP-SI-20/2019-MANUAL, que a continuación se transcribe: “…POR ESTE MISMO CONDUCTO SOLICITO AL PLENO Y AL ÓRGANO DE CONTROL INTERNO DE LA CEGAIP, ME INDIQUEN O AUTORICEN LA ENTREGA DE LA COPIA QUE ME FUE SOLICITADA POR LA SERVIDORA PÚBLICA MENCIONADA, YA QUE ELLA DICE QUE SE ENTERO POR MEDIO DE LA COPIA QUE SE ENTREGO AL PLENO, ACLARO: NO MENCIONO NADA SOBRE LO QUE SE ENTREGO EN LA CONTRALORIA INTERNA SINO EN EL PLENO, POR LO QUE AHORA SOLICITO LA AUTIRIZACION PARA HACERLE LA ENTREGA NO DE LA COPIA AL PLENO PORQUE ESA NO LA TENGO Y SOLO LA PODRA ENTREGAR EL MISMO PLENO, PERO SI RECIBO AUTORIZACION PARA LA ENTREGA SERA LA QUE TENGO Y ESTA SELLADA POR LA CONTRALORIA INTERNA Y LA OFICIALIA DE PARTES DE LA CEGAIP…” En el sentido siguiente: No corresponde a este Pleno otorgar la autorización que solicita, pues el propio peticionario es responsable del uso que realice sobre los documentos que obren en su poder, máxime que en este caso, es un documento que se encuentra firmado por él mismo. Es decir, que la autorización que solicita, se encuentra fuera del marco de las atribuciones encomendadas a este Órgano por Ministerio de Ley. En ese sentido, propongo otorgar respuesta a la parte de su solicitud de información antes transcrita en ese sentido. Se ordena a la Secretaria de Pleno realizar las gestiones para remitir esta parte de la respuesta a la solicitud que aquí nos ocupa a la Unidad de Transparencia de esta Comisión, para los efectos correspondientes.” Finalmente, de conformidad con el artículo 154 tercer párrafo de la vigente Ley de Transparencia y Acceso a la Información Pública del Estado de San Luis Potosí, se le hace de su conocimiento que en caso de inconformidad podrá interponer el recurso de revisión establecido en el artículo 166 de la citada Ley de Transparencia. | I16: NINGUNO | J16: Personal | K16: NINGUNO | L16: =IF(Formato!$C16<>"",MONTH(C16),"") -> 7 | M16: =IF(Formato!$G16<>"",MONTH(G16),"") -> 8
A17: CEGAIP-SI-193/2019-00958919-PNT | B17: .jose salvador cisneros hernandez cisneros | C17: 43657 | D17: Solicito saber cuántos trabajadores de gobierno hay en su estado y/o ayuntamientos. Cuantos pertenecen al rubro denominado, base, honorarios, estructura, eventuales y nomina 8 o en su caso si existe otra denominación cual es en su para su estado, Así mismo solicito saber con qué beneficios legales cuentan todos y cada uno de los trabajadores Relación a los trabajadores de estructura, base honorarios eventuales y nomina 8. Es decir si por poner solo un ejemplo: Si cuentan con 25670 trabajadores de base, 155 de estructura, 218 nomina 8, 218, y 633 de honorarios y eventuales del gran total que porcentaje le corresponde a cada rubro. | E17: Contestada | F17: Información se encuentra disponible en la Plataforma. | G17: 43658 | H17: Se hace de su conocimiento con fundamento en el artículo 158 de la Ley de Transparencia y Acceso a la Información Pública del Estado de San Luis Potosí, y que en virtud de que el artículo 32 fracción X, del Reglamento Interior de la Comisión Estatal de Garantía de Acceso a la Información Pública del Estado de San Luis Potosí, solamente establece la obligación de que esta Comisión por medio de las Unidades Administrativas, atiendan y contesten dentro de su ámbito de competencia las solicitudes de acceso a la Información a través de la Unidad de Transparencia, esta Comisión Estatal de Garantía y Acceso a la Información de San Luis Potosí, no resguarda o posee lo relativo a la información a que se refiere en su solicitud, así como tampoco es posible canalizar o turnar su requerimiento, ya que no podemos actuar como intermediarios entre usted y el Sujeto Obligado competente para atender su petición. Por lo anteriormente mencionado, me permito comunicarle que la información solicitada no se encuentra dentro de nuestras obligaciones según lo establecido en los artículos 20 y 151 de la Ley de Transparencia y Acceso a la información Pública del Estado de San Luis Potosí, ya que únicamente existe la obligación legal y administrativa de contar con la documentación que pertenece a la Institución, mas no aquella que refiere en su petición, es por ello que con fundamento en el artículo 54 fracción III de la Ley Estatal de la materia le sugiero que pudiera replantear su solicitud de manera clara y especifica también a través del Sistema de Solicitudes de Acceso a la Información (INFOMEX), en Ente Obligado: Municipios y en Dependencia o Entidad Pública: los Municipios de los cuales requiere la información, así como también en Ente Obligado: Poder Ejecutivo y en Dependencia o Entidad Pública: Oficialía Mayor de Gobierno del Estado de San Luis Potosí, igualmente solicitarlo al Poder Legislativo, al Poder Judicial, así como a cada Sujeto Obligado del cual requiere la información, ya que son ellos los sujetos obligados considerados que pudieran atender o en su caso orientar lo referente a su solicitud. Lo anteriormente expuesto, en base a lo establecido en el artículo 1° de la Ley de Tránsito del Estado de San Luis Potosí. De igual manera y si lo prefiere puede presentarla directamente en la Unidad de Transparencia de cada sujeto obligado sugerido para atender su solicitud de información. | I17: NINGUNO | J17: PNT | K17: NINGUNO | L17: =IF(Formato!$C17<>"",MONTH(C17),"") -> 7 | M17: =IF(Formato!$G17<>"",MONTH(G17),"") -> 7
A18: CEGAIP-SI-192/2019-00942719-PNT | B18: Gerardo Fernandez Noroña | C18: 43655 | D18: Solicito información sobre si la Universidad Tecnológica Metropolitana de San Luis Potosí está sujeta u obligada a presentar información de acceso público, en caso de que sí por que no se encuentra en esta página de transparencia y en caso de que la respuesta sea negativa su fundamentación, gracias. | E18: Contestada | F18: Información se encuentra disponible en la Plataforma. | G18: 43683 | H18: En atención a su requerimiento ser informa lo siguiente: Que el Pleno de esta Comisión mediante los acuerdos CEGAIP-174/2019 de fecha cinco de abril de 2019 y CEGAIP-295/2019 de fecha 13 de marzo de 2019 y publicado en el Periódico Oficial del Estado el día 15 de junio de 2019, determinó integrar como sujeto obligado a la Universidad Tecnológica Metropolitana de San Luis Potosí, a partir del año 2019 en virtud de la asignación de presupuesto mediante el presupuesto de egresos para el año 2019. Que dicha universidad si está obligada a permitir el acceso a la información pública, a los ejercicios de rendición de cuentas, y transparencia gubernamental, así como garantizar la protección de datos personales y la organización de archivos a través de los procesos de gestión documental; sin embargo, el sujeto obligado en mención, se encuentra en proceso de determinar sus obligaciones de transparencia, y remitirlas a esta Comisión para efecto de validación y revisión, así como generar los mecanismos de cumplimiento mencionados, por lo que aún no aparecen en la Plataforma Estatal de Transparencia. | I18: NINGUNO | J18: PNT | K18: NINGUNO | L18: =IF(Formato!$C18<>"",MONTH(C18),"") -> 7 | M18: =IF(Formato!$G18<>"",MONTH(G18),"") -> 8
A19: CEGAIP-SI-191/2019-00941319-PNT | B19: Mexicanos Contra la Corrupcion y la impunidadA.C. | C19: 43655 | D19: Respetable Pleno de la Comisión Estatal de Garantía de Acceso a la Información Pública del Estado de San Luis Potosí. Por medio del presente solicitamos conocer cuál es la postura y/o criterio que haya emitido el pleno de esa H. Comisión respecto a los requisitos con los que deben contar los integrantes de los H. Comités de Transparencia de los Sujetos Obligados, toda vez que, a pesar de que la Ley de la materia señala que los integrantes no deben de ser subordinados entre sí, nos hemos encontrado con una dura realidad, lo anterior debido a que en algunas áreas como en el Ayuntamiento de la ciudad de San Luis Potosí, su Comité de Transparencia, lo conforman integrantes que dependen jerárquicamente de otros integrantes, o en otros casos, hemos detectado incluso integrantes con plaza de intendencia o mantenimiento como lo es el Sistema Educativo Estatal Regular y así, en la mayoría de los sujetos Obligados también se aprecia un alto índice de empleados de los niveles administrativos más bajos sin el conocimiento especializado que debiese tener la máxima autoridad interna en cuestiones de transparencia y protección de datos personales; otro tema es sobre que la mayoría de los integrantes de los Comités de Transparencia del Ejecutivo, son conformados por personal contratado por honorarios, interinos y demás, situación que vulnera el correcto desempeño de dichos trabajadores; ya que al ser una parte fundamental de la lucha contra la corrupción, con éstas modalidades efímeras y al no tener seguridad laboral, sus integrantes pueden ser fácilmente coaccionados por otras autoridades que operen dentro del mismo sujeto obligado y romper así lo establecido en los principios de transparencia y rendición de cuentas, siendo evidente el dolo de los titulares de los sujetos obligados que conforman el ejecutivo para colocar individuos fáciles de manipular y sin autoridad real para resolver los asuntos que les confieren sus atribuciones pasando a ser una figura virtualmente ficticia. Por lo anterior también solicitamos cualquier documento o evidencia sobre revisiones que haya hecho este honorable órgano garante sobre la integración de los Comités de transparencia del Poder Ejecutivo del Estado de San Luis Potosí. La información anterior se solicita sea enviada por conducto de esta plataforma en el formato que sea adecuado para la misma. | E19: Contestada | F19: Información se encuentra disponible en la Plataforma. | G19: 43683 | H19: Pues bien, a continuación, la suscrita como presidente de la CEGAIP, y a nombre del Pleno que represento, me permito dar respuesta a lo solicitado: Ante todo, es necesario aclarar al solicitante que, respecto de lo que solicita, este Pleno no ha emitido postura o criterio en relación con los requisitos que deben de contar los integrantes de los Comités de Transparencia de los sujetos obligados, en otras palabras, no hay precedentes. Por lo que toca a las manifestaciones en el sentido de que, el ayuntamiento de la capital, en cuanto al Comité de Transparencia lo conforman integrantes que dependen jerárquicamente de otros integrantes, sobre lo anterior es necesario precisarle que para que este Pleno pueda, en un momento dado pronunciarse, debe de contar con el caso concreto, esto es, tener todos aquellos elementos que permitan analizar esa integración de acuerdo al artículo 51, párrafo tercero, pues este organismo no puede hacer pronunciamiento sobre un supuesto, como el que menciona. Además, de conformidad con el artículo 24, fracción I, de la Ley de Transparencia en primera instancia a quien compete la obligación de que se constituya el Comité de Transparencia es al propio sujeto obligado, en el entendido de que éste, debe de salvaguardar que aquél esté debidamente constituido, pues dicho precepto incluso expresa que el sujeto obligado debe de vigilar su correcto funcionamiento de acuerdo a su normatividad interna. En otro asunto y, en lo que el solicitante manifiesta sobre, por un lado, que ha detectado que en el Sistema Educativo Estatal Regular los integrantes del Comité de Transparencia tienen, de acuerdo a él, plaza de intendencia y, por otro lado, que en la mayoría de los sujetos obligados los integrantes del Comité de Transparencia son empleados administrativos de los niveles más bajos y, de acuerdo al solicitante, sin el conocimiento especializado que deben de tener para la máxima autoridad interna en cuestiones de transparencia y protección de datos personales y, por otro lado más, que la mayoría de los integrantes de los Comités de Transparencia del Poder Ejecutivo son conformados por personal contratados por honorarios interinos y, además esta situación vulnera el correcto desempeño de los trabajadores ––ya que al ser una parte fundamental de la lucha contra la corrupción, con éstas modalidades (sic) efímeras y al no tener seguridad laboral, sus integrantes ser pueden fácilmente coaccionados por otras autoridades que operen dentro del mismo sujeto obligado y romper así lo establecido en los principios de rendición de cuentas, siendo evidente el dolo de los titulares de los sujetos obligados que conforman el ejecutivo para colocar individuos fáciles de manipular y sin autoridad real para resolver los asuntos que les confieren sus atribuciones pasando a ser una figura virtualmente vitalicia––. Pues bien, sobre lo anterior este Pleno se pronuncia de la manera siguiente: El artículo 51 de la Ley de Transparencia dispone que: ARTÍCULO 51. En cada sujeto obligado se integrará un Comité de Transparencia colegiado e integrado por un número impar. El Comité de Transparencia adoptará sus resoluciones por mayoría de votos. En caso de empate, el Presidente tendrá voto de calidad. A sus sesiones podrán asistir como invitados aquéllos que sus integrantes consideren necesarios, quienes tendrán voz, pero no voto. Los integrantes del Comité de Transparencia no podrán depender jerárquicamente entre sí dentro de la estructura funcional del sujeto obligado; tampoco podrán reunirse dos o más de estos integrantes en una sola persona. Cuando se presente el caso, el titular del sujeto obligado tendrá que nombrar a la persona que supla al subordinado. Los integrantes del Comité de Transparencia tendrán acceso a la información para determinar su clasificación, conforme a la normatividad previamente establecida por los sujetos obligados para el resguardo o salvaguarda de la información. Ahora, como ya se dijo, de acuerdo al artículo 24, fracción I, de la Ley de Transparencia es al sujeto obligado a quien le compete la obligación de que se constituya el Comité de Transparencia. De ahí que los elementos a considerar en la integración del Comité de Transparencia de acuerdo al artículo 51 de la Ley de Transparencia son: • Que en cada sujeto obligado se integre un Comité de Transparencia. • Que el Comité de Transparencia sea colegiado. • Que el Comité de Transparencia al ser colegiado, éste sea impar. • Que, en el Comité de Transparencia, sus integrantes, no podrán depender jerárquicamente entre sí dentro de la estructura funcional del sujeto obligado. • Que tampoco podrán reunirse dos o más de estos integrantes en una sola persona y, que cuando se presente el caso, el titular del sujeto obligado tendrá que nombrar a la persona que supla al subordinado. Como se observa, el legislador nada dijo sobre las manifestaciones que hace el peticionario, es decir, sobre si los integrantes del Comité de Transparencia, para su debida integración tenía que ser de puestos o plazas de algún tipo de nivel dentro del sujeto obligado o, el tipo de relación laboral que debían de tener dicho integrantes con el sujeto obligado. Por ello, esta Comisión de Transparencia no puede hacer siquiera un pronunciamiento en ese sentido en virtud de que, al ser un órgano colegiado aplica los principios de imparcialidad y legalidad previstos en el artículo 8°, fracciones III y V de la Ley de Transparencia, en el sentido de que en donde el legislador no distinguió, el operador jurídico no puede hacerlo, pues, como se vio, de acuerdo al artículo 51, en la especie los sujetos obligados deben de cumplir con lo que le exige la norma en cuanto a los propios elementos de integración del Comité de Transparencia. Por lo que se refiere el solicitante sobre la especialización o no, de quienes dicen que integran los Comités de Transparencia de los sujetos obligados que menciona, este Pleno además de que, no puede tener injerencia en la conformación de aquéllos por ser una facultad exclusiva de cada sujeto obligado, tampoco puede dar un sentido o como lo dice el peticionario postura o criterio, pues ello, sería tanto como prejuzgar la capacidad o no de las personas que integran los Comités de Transparencia derivado de su puesto o forma de contratación con el sujeto obligado, al grado de que, emitir un pronunciamiento en tal o cual sentido podría ser, incluso, motivo de discriminación, situación que está vedada en términos del párrafo tercero del artículo 1° de la Constitución Política de los Estados Unidos Mexicanos. Por último y, en relación a que solicita documentos o evidencia sobre revisión que este Pleno haya hecho sobre la integración de los Comités de Transparencia del Poder Ejecutivo del estado de San Luis Potosí, en el caso y, por las mismas manifestaciones ya expuestas, este Pleno no ha realizado pronunciamiento alguno y, por ende, no hay documento en ese sentido. De ahí que no sea el caso que el Comité de Información de esta CEGAIP declare la inexistencia sobre la información solicitada, en virtud de que, de acuerdo a la disposición vista, esto es el artículo 51 de la Ley de Transparencia y, de lo que solicitó no existe obligación de generar esa información. Lo anterior es de acuerdo al criterio 7/10 del Instituto Nacional de Transparencia, Acceso a la Información y Protección de Datos Personales que es como sigue. No será necesario que el Comité de Información declare formalmente la inexistencia, cuando del análisis a la normatividad aplicable no se desprenda obligación alguna de contar con la información solicitada ni se advierta algún otro elemento de convicción que apunte a su existencia. La Ley Federal de Transparencia y Acceso a la Información Pública Gubernamental y su Reglamento prevén un procedimiento a seguir para declarar formalmente la inexistencia por parte de las dependencias y entidades de la Administración Pública Federal. Éste implica, entre otras cosas, que los Comités de Información confirmen la inexistencia manifestada por las unidades administrativas competentes que hubiesen realizado la búsqueda de la información que se solicitó. No obstante, lo anterior, existen situaciones en las que, por una parte, al analizar la normatividad aplicable a la materia de la solicitud, no se advierte obligación alguna por parte de las dependencias y entidades de contar con la información y, por otra, no se tienen suficientes elementos de convicción que permitan suponer que ésta existe. En estos casos, se considera que no es necesario que el Comité de Información declare formalmente la inexistencia de los documentos requeridos. Asimismo, se hace de su conocimiento que la información se le entrega en el estado en que se encuentra, de conformidad con el artículo 60 y 61 de la Ley de Transparencia y Acceso a la Información Pública del Estado de San Luis Potosí. Finalmente, de conformidad con el artículo 154 tercer párrafo de la Ley de Transparencia y Acceso a la Información Pública del Estado de San Luis Potosí, se le informa que en caso de inconformidad podrá interponer el recurso de revisión establecido en el artículo 166 de la Ley de Transparencia y Acceso a la Información Pública del Estado de San Luis Potosí. | I19: NINGUNO | J19: PNT | K19: NINGUNO | L19: =IF(Formato!$C19<>"",MONTH(C19),"") -> 7 | M19: =IF(Formato!$G19<>"",MONTH(G19),"") -> 8
A20: CEGAIP-SI-190/2019-00939919-PNT | B20: Santiago Veiga Gandara | C20: 43655 | D20: Enlistar las principales 10 causas por las cuales se presentaron denuncias ante el Instituto por la violación del derecho de protección de datos personales en posesión de Sujetos Obligados desde la entrada en vigor de la más reciente Ley de Protección de Datos Personales del Estado hasta el 30 de junio de 2019. | E20: Contestada | F20: Información se encuentra disponible en la Plataforma. | G20: 43664 | H20: Por este conducto, otorgo contestación en tiempo y forma, a las solicitudes de información CEGAIP-SI-187/19-PNT, CEGAIP-SI-188/19-PNT, CEGAIP-SI-189/19-PNT y CEGAIP-SI-190/19-PNT, en el siguiente sentido: Respecto de la solicitud CEGAIP-SI-187/19-PNT, se le otorga la siguiente información: Denuncias por violación al derecho de protección de datos personales de 2017 a 30 de junio de 2019 Sujeto obligado Cantidad de denuncias Procuraduría General de Justicia del Estado de San Luis Potosí 1 (una) Colegio de Bachilleres del Estado de San Luis Potosí. 1 (una) Escuela Primaria Vespertina Gabriela Mistral 1 (una) Secretaría de Comunicaciones y Transportes del Estado de San Luis Potosí 1 (una) Secretaría de Educación Pública de Gobierno del Estado, Sistema Educativo Estatal Regular y Benemérita y Centenaria Normal del Estado. En conjunto. 1 (una) Secretaría de Educación de Gobierno del Estado. 1 (una) Ayuntamiento de Cedral, S.L.P. 1 (una) Ayuntamiento de San Luis Potosí, S.L.P. 4 (cuatro) Tribunal Estatal de Justicia Administrativa del Estado de San Luis Potosí. 2 (dos) Servicios de Salud del Estado. 1 (una) TOTAL 14 En relación a las solicitudes CEGAIP-SI-188/19-PNT y CEGAIP-SI-189/19-PNT, de la entrada en vigor de la Ley de Protección de Datos Personales en posesión de los Sujetos Obligados del Estado de San Luis Potosí al 30 de junio de 2019, no se ha sancionado a algún servidor público de ningún sujeto obligado, por la violación del derecho a la protección de datos personales, por ende, no existen sanciones impuestas a aquéllos. Finalmente, respecto a la solicitud CEGAIP-SI-190/19-PNT, se le comunica que la única causa por la que se han presentado denuncias ante este organismo por la violación del derecho de protección de datos personales en contra de los sujetos obligados, de la entrada en vigor de la Ley de la materia (2017) al 30 de junio de 2019, ha sido por difusión de datos personales. | I20: NINGUNO | J20: PNT | K20: NINGUNO | L20: =IF(Formato!$C20<>"",MONTH(C20),"") -> 7 | M20: =IF(Formato!$G20<>"",MONTH(G20),"") -> 7
A21: CEGAIP-SI-189/2019-00939819-PNT | B21: Santiago Veiga Gandara | C21: 43655 | D21: ¿En qué consistió cada una de las sanciones impuestas a servidores públicos o personal de los Sujetos Obligados por la violación del derecho a la protección de los datos personales desde la entrada en vigor de la más reciente Ley de Protección de Datos Personales del Estado hasta el 30 de junio de 2019? Desglosar en una lista el tipo de sanción en forma cronológica | E21: Contestada | F21: Información se encuentra disponible en la Plataforma. | G21: 43664 | H21: Por este conducto, otorgo contestación en tiempo y forma, a las solicitudes de información CEGAIP-SI-187/19-PNT, CEGAIP-SI-188/19-PNT, CEGAIP-SI-189/19-PNT y CEGAIP-SI-190/19-PNT, en el siguiente sentido: Respecto de la solicitud CEGAIP-SI-187/19-PNT, se le otorga la siguiente información: Denuncias por violación al derecho de protección de datos personales de 2017 a 30 de junio de 2019 Sujeto obligado Cantidad de denuncias Procuraduría General de Justicia del Estado de San Luis Potosí 1 (una) Colegio de Bachilleres del Estado de San Luis Potosí. 1 (una) Escuela Primaria Vespertina Gabriela Mistral 1 (una) Secretaría de Comunicaciones y Transportes del Estado de San Luis Potosí 1 (una) Secretaría de Educación Pública de Gobierno del Estado, Sistema Educativo Estatal Regular y Benemérita y Centenaria Normal del Estado. En conjunto. 1 (una) Secretaría de Educación de Gobierno del Estado. 1 (una) Ayuntamiento de Cedral, S.L.P. 1 (una) Ayuntamiento de San Luis Potosí, S.L.P. 4 (cuatro) Tribunal Estatal de Justicia Administrativa del Estado de San Luis Potosí. 2 (dos) Servicios de Salud del Estado. 1 (una) TOTAL 14 En relación a las solicitudes CEGAIP-SI-188/19-PNT y CEGAIP-SI-189/19-PNT, de la entrada en vigor de la Ley de Protección de Datos Personales en posesión de los Sujetos Obligados del Estado de San Luis Potosí al 30 de junio de 2019, no se ha sancionado a algún servidor público de ningún sujeto obligado, por la violación del derecho a la protección de datos personales, por ende, no existen sanciones impuestas a aquéllos. Finalmente, respecto a la solicitud CEGAIP-SI-190/19-PNT, se le comunica que la única causa por la que se han presentado denuncias ante este organismo por la violación del derecho de protección de datos personales en contra de los sujetos obligados, de la entrada en vigor de la Ley de la materia (2017) al 30 de junio de 2019, ha sido por difusión de datos personales. | I21: NINGUNO | J21: PNT | K21: NINGUNO | L21: =IF(Formato!$C21<>"",MONTH(C21),"") -> 7 | M21: =IF(Formato!$G21<>"",MONTH(G21),"") -> 7
A22: CEGAIP-SI-188/2019-00938819-PNT | B22: Santiago Veiga Gandara | C22: 43655 | D22: ¿Cuántos servidores públicos o personal de los Sujetos Obligados fueron sancionados por la violación del derecho a la protección de los datos personales desde la entrada en vigor de la más reciente Ley de Protección de Datos Personales del Estado hasta el 30 de junio de 2019? Desglosar en una la lista el número de servidores o personal y el nombre del Sujetos Obligados al que pertenecen. | E22: Contestada | F22: Información se encuentra disponible en la Plataforma. | G22: 43664 | H22: Por este conducto, otorgo contestación en tiempo y forma, a las solicitudes de información CEGAIP-SI-187/19-PNT, CEGAIP-SI-188/19-PNT, CEGAIP-SI-189/19-PNT y CEGAIP-SI-190/19-PNT, en el siguiente sentido: Respecto de la solicitud CEGAIP-SI-187/19-PNT, se le otorga la siguiente información: Denuncias por violación al derecho de protección de datos personales de 2017 a 30 de junio de 2019 Sujeto obligado Cantidad de denuncias Procuraduría General de Justicia del Estado de San Luis Potosí 1 (una) Colegio de Bachilleres del Estado de San Luis Potosí. 1 (una) Escuela Primaria Vespertina Gabriela Mistral 1 (una) Secretaría de Comunicaciones y Transportes del Estado de San Luis Potosí 1 (una) Secretaría de Educación Pública de Gobierno del Estado, Sistema Educativo Estatal Regular y Benemérita y Centenaria Normal del Estado. En conjunto. 1 (una) Secretaría de Educación de Gobierno del Estado. 1 (una) Ayuntamiento de Cedral, S.L.P. 1 (una) Ayuntamiento de San Luis Potosí, S.L.P. 4 (cuatro) Tribunal Estatal de Justicia Administrativa del Estado de San Luis Potosí. 2 (dos) Servicios de Salud del Estado. 1 (una) TOTAL 14 En relación a las solicitudes CEGAIP-SI-188/19-PNT y CEGAIP-SI-189/19-PNT, de la entrada en vigor de la Ley de Protección de Datos Personales en posesión de los Sujetos Obligados del Estado de San Luis Potosí al 30 de junio de 2019, no se ha sancionado a algún servidor público de ningún sujeto obligado, por la violación del derecho a la protección de datos personales, por ende, no existen sanciones impuestas a aquéllos. Finalmente, respecto a la solicitud CEGAIP-SI-190/19-PNT, se le comunica que la única causa por la que se han presentado denuncias ante este organismo por la violación del derecho de protección de datos personales en contra de los sujetos obligados, de la entrada en vigor de la Ley de la materia (2017) al 30 de junio de 2019, ha sido por difusión de datos personales. | I22: NINGUNO | J22: PNT | K22: NINGUNO | L22: =IF(Formato!$C22<>"",MONTH(C22),"") -> 7 | M22: =IF(Formato!$G22<>"",MONTH(G22),"") -> 7
A23: CEGAIP-SI-187/2019-00938619-PNT | B23: Santiago Veiga Gandara | C23: 43655 | D23: Informar los nombres de los Sujetos Obligados que fueron denunciados por la violación del derecho de protección de datos personales desde la entrada en vigor de la más reciente Ley de Protección de Datos Personales del Estado hasta el 30 de junio de 2019. Desglosar la lista de los Sujetos Obligados con la cantidad de denuncias registradas | E23: Contestada | F23: Información se encuentra disponible en la Plataforma. | G23: 43664 | H23: Por este conducto, otorgo contestación en tiempo y forma, a las solicitudes de información CEGAIP-SI-187/19-PNT, CEGAIP-SI-188/19-PNT, CEGAIP-SI-189/19-PNT y CEGAIP-SI-190/19-PNT, en el siguiente sentido: Respecto de la solicitud CEGAIP-SI-187/19-PNT, se le otorga la siguiente información: Denuncias por violación al derecho de protección de datos personales de 2017 a 30 de junio de 2019 Sujeto obligado Cantidad de denuncias Procuraduría General de Justicia del Estado de San Luis Potosí 1 (una) Colegio de Bachilleres del Estado de San Luis Potosí. 1 (una) Escuela Primaria Vespertina Gabriela Mistral 1 (una) Secretaría de Comunicaciones y Transportes del Estado de San Luis Potosí 1 (una) Secretaría de Educación Pública de Gobierno del Estado, Sistema Educativo Estatal Regular y Benemérita y Centenaria Normal del Estado. En conjunto. 1 (una) Secretaría de Educación de Gobierno del Estado. 1 (una) Ayuntamiento de Cedral, S.L.P. 1 (una) Ayuntamiento de San Luis Potosí, S.L.P. 4 (cuatro) Tribunal Estatal de Justicia Administrativa del Estado de San Luis Potosí. 2 (dos) Servicios de Salud del Estado. 1 (una) TOTAL 14 En relación a las solicitudes CEGAIP-SI-188/19-PNT y CEGAIP-SI-189/19-PNT, de la entrada en vigor de la Ley de Protección de Datos Personales en posesión de los Sujetos Obligados del Estado de San Luis Potosí al 30 de junio de 2019, no se ha sancionado a algún servidor público de ningún sujeto obligado, por la violación del derecho a la protección de datos personales, por ende, no existen sanciones impuestas a aquéllos. Finalmente, respecto a la solicitud CEGAIP-SI-190/19-PNT, se le comunica que la única causa por la que se han presentado denuncias ante este organismo por la violación del derecho de protección de datos personales en contra de los sujetos obligados, de la entrada en vigor de la Ley de la materia (2017) al 30 de junio de 2019, ha sido por difusión de datos personales. | I23: NINGUNO | J23: PNT | K23: NINGUNO | L23: =IF(Formato!$C23<>"",MONTH(C23),"") -> 7 | M23: =IF(Formato!$G23<>"",MONTH(G23),"") -> 7
A24: CEGAIP-SI-186/2019-00926119-PNT | B24: Santiago Veiga Gandara | C24: 43654 | D24: ¿Cuántas denuncias recibidas resultaron procedentes de acuerdo al Instituto por la violación del derecho de protección de datos personales en posesión de Sujetos Obligados desde la entrada en vigor de la más reciente Ley de Protección de Datos Personales del Estado hasta el 30 de junio de 2019? Desglosar el número de denuncias admitidas por mes y año. | E24: Contestada | F24: Información se encuentra disponible en la Plataforma. | G24: 43663 | H24: De acuerdo a lo solicitado el día 08 de julio del año 2019, mediante solicitudes con número de folio 925219-PNT y 926119-PNT se otorgan las siguientes respuestas: 1. Resolución Conmina Implementar los siguientes mecanismos: a. Crear políticas públicas para la gestión y tratamiento de los datos personales, que tomen en cuenta el contexto en el que ocurren los tratamientos y el ciclo de vida de los datos personales, es decir, su obtención, uso y posterior supresión; y b. Debido a que el Responsable no actuó de conformidad con las disposiciones previstas en la Ley de la materia al no haber acreditado contar las medidas para llevar a cabo un tratamiento de datos personales adecuados, se recomienda que en futuras ocasiones apegue su actuar de conformidad con las facultades y obligaciones conferidas en la normativa que rige su actuación en el caso concreto y a la normativa que rige su actuación en el caso concreto y a la normativa de protección de datos personales. 2. Implementar las medidas de seguridad, administrativa, física y técnica, contempladas en la Ley General y Estatal de Protección de Datos personales en posesión de Sujetos Obligados; y…” (sic). 2. Resolución Conmina 1. Implementar los siguientes mecanismos: a. Crear políticas públicas para la gestión y tratamiento de los datos personales, que tomen en cuenta el contexto en el que ocurren los tratamientos y el ciclo de vida de los datos personales, es decir, su obtención, uso y posterior supresión; y b. Debido a que el Responsable no actuó de conformidad con las disposiciones previstas en la Ley de la materia al no haber acreditado contar las medidas para llevar a cabo un tratamiento de datos personales adecuados, se recomienda que en futuras ocasiones apegue su actuar de conformidad con las facultades y obligaciones conferidas en la normativa que rige su actuación en el caso concreto y a la normativa que rige su actuación en el caso concreto y a la normativa de protección de datos personales. 2. Implementar las medidas de seguridad, administrativa, física y técnica, contempladas en la Ley General y Estatal de Protección de Datos personales en posesión de Sujetos Obligados; y…” (sic). 3. Resolución No tiene responsabilidad respecto de la trasferencia realizada. 4. Resolución Se determina inconducente continuar con la presente investigación al no existir los elementos necesarios que acreditarán incumplimiento 5. Resolución No existe responsabilidad 6. Resolución Se tiene por no presentada. 7. Resolución Se tiene por no presentada. 8. Resolución Se tiene por no presentada. 9. Resolución Se conmina al responsable a realizar una correcta y puntual aplicación de los principios generales de protección de datos personales, así como de los deberes previstos en la normativa aplicable, en el tratamiento de datos personales que estén en su posesión. 10. Resolución Se conmina al responsable a realizar una correcta y puntual aplicación de los principios generales de protección de datos personales, así como de los deberes previstos en la normativa aplicable, en el tratamiento de datos personales que estén en su posesión. “ Por otra parte en relación a su solicitud de cuantas denuncias fueron admitidas se le hace de su conocimiento lo siguiente. 2017 2 Mayo, 1 Junio. 2018 2 Junio 2019 1 Enero, Febrero 4, Abril 1 | I24: NINGUNO | J24: PNT | K24: NINGUNO | L24: =IF(Formato!$C24<>"",MONTH(C24),"") -> 7 | M24: =IF(Formato!$G24<>"",MONTH(G24),"") -> 7
A25: CEGAIP-SI-185/2019-00925219-PNT | B25: Santiago Veiga Gandara | C25: 43654 | D25: ¿Cuál fue la resolución del Instituto de cada una de las denuncias que recibió por la violación del derecho a la protección de los datos personales en posesión de Sujetos Obligados desde la entrada en vigor de la más reciente Ley de Protección de Datos Personales del Estado hasta el 30 de junio de 2019? Enlistar cada una de las resoluciones de manera cronológica. | E25: Contestada | F25: Información se encuentra disponible en la Plataforma. | G25: 43663 | H25: De acuerdo a lo solicitado el día 08 de julio del año 2019, mediante solicitudes con número de folio 925219-PNT y 926119-PNT se otorgan las siguientes respuestas: 1. Resolución Conmina Implementar los siguientes mecanismos: a. Crear políticas públicas para la gestión y tratamiento de los datos personales, que tomen en cuenta el contexto en el que ocurren los tratamientos y el ciclo de vida de los datos personales, es decir, su obtención, uso y posterior supresión; y b. Debido a que el Responsable no actuó de conformidad con las disposiciones previstas en la Ley de la materia al no haber acreditado contar las medidas para llevar a cabo un tratamiento de datos personales adecuados, se recomienda que en futuras ocasiones apegue su actuar de conformidad con las facultades y obligaciones conferidas en la normativa que rige su actuación en el caso concreto y a la normativa que rige su actuación en el caso concreto y a la normativa de protección de datos personales. 2. Implementar las medidas de seguridad, administrativa, física y técnica, contempladas en la Ley General y Estatal de Protección de Datos personales en posesión de Sujetos Obligados; y…” (sic). 2. Resolución Conmina 1. Implementar los siguientes mecanismos: a. Crear políticas públicas para la gestión y tratamiento de los datos personales, que tomen en cuenta el contexto en el que ocurren los tratamientos y el ciclo de vida de los datos personales, es decir, su obtención, uso y posterior supresión; y b. Debido a que el Responsable no actuó de conformidad con las disposiciones previstas en la Ley de la materia al no haber acreditado contar las medidas para llevar a cabo un tratamiento de datos personales adecuados, se recomienda que en futuras ocasiones apegue su actuar de conformidad con las facultades y obligaciones conferidas en la normativa que rige su actuación en el caso concreto y a la normativa que rige su actuación en el caso concreto y a la normativa de protección de datos personales. 2. Implementar las medidas de seguridad, administrativa, física y técnica, contempladas en la Ley General y Estatal de Protección de Datos personales en posesión de Sujetos Obligados; y…” (sic). 3. Resolución No tiene responsabilidad respecto de la trasferencia realizada. 4. Resolución Se determina inconducente continuar con la presente investigación al no existir los elementos necesarios que acreditarán incumplimiento 5. Resolución No existe responsabilidad 6. Resolución Se tiene por no presentada. 7. Resolución Se tiene por no presentada. 8. Resolución Se tiene por no presentada. 9. Resolución Se conmina al responsable a realizar una correcta y puntual aplicación de los principios generales de protección de datos personales, así como de los deberes previstos en la normativa aplicable, en el tratamiento de datos personales que estén en su posesión. 10. Resolución Se conmina al responsable a realizar una correcta y puntual aplicación de los principios generales de protección de datos personales, así como de los deberes previstos en la normativa aplicable, en el tratamiento de datos personales que estén en su posesión. “ Por otra parte en relación a su solicitud de cuantas denuncias fueron admitidas se le hace de su conocimiento lo siguiente. 2017 2 Mayo, 1 Junio. 2018 2 Junio 2019 1 Enero, Febrero 4, Abril 1 | I25: NINGUNO | J25: PNT | K25: NINGUNO | L25: =IF(Formato!$C25<>"",MONTH(C25),"") -> 7 | M25: =IF(Formato!$G25<>"",MONTH(G25),"") -> 7
A26: CEGAIP-SI-184/2019-00924219-PNT | B26: ABIGAIL ESPERICUETA VILLALOBOS | C26: 43654 | D26: solicito saber cuando le fue notificado, al ayuntamiento de san luis potosí, las resoluciones que por difusión de datos personales le fueron dictadas, solicito el documento en el que conste dicha notificación, con sello de recibido y a cuantos y a quienes se les dirigió dicha notificación. y para ustedes que sigue ya hasta que notifican se cierra el caso o sigue abierto hasta saber si las personas responsables son castigadas o no. | E26: Contestada | F26: Información se encuentra disponible en la Plataforma. | G26: 43663 | H26: Se hace de su conocimiento, que existen dos resoluciones que fueron notificadas al Ayuntamiento de San Luis Potosí como responsable, el diecinueve de junio de dos mil diecinueve, así mismo, toda vez que fueron aprobadas por el Comité de Transparencia de esta Comisión mediante acuerdo CT-SO-059/07/2019 de sesión ordinaria de fecha cuatro de julio de dos mil diecinueve (se anexa acta), las versiones públicas de dichas resoluciones para su publicación en las obligaciones de transparencia, en aras de garantizar los derechos de acceso a la información y de protección de datos personales se le envían en versión pública las notificaciones solicitadas en las que se advierte el sello de recibido del responsable, insertas dentro del oficio de notificación. Por otra parte con fundamento en el artículo 198 tercer párrafo, de la Ley de Protección de Datos Personales en Posesión de los Sujetos Obligados del Estado de San Luis Potosí, la autoridad que conozca del asunto, deberá informar a la CEGAIP de la conclusión del procedimiento y en su caso, de la ejecución de la sanción. | I26: NINGUNO | J26: PNT | K26: NINGUNO | L26: =IF(Formato!$C26<>"",MONTH(C26),"") -> 7 | M26: =IF(Formato!$G26<>"",MONTH(G26),"") -> 7
... A40: CEGAIP-SI-170/2019-00905019-PNT | B40: Andrés Manuel | C40: 43650 | D40: Si al presentar una solicitud de acceso a la información o de datos personales, implica el costo de pago de reproducción ¿Ante quien se realiza el pago según el ámbito: Ejecutivo, Legislativo, Judicial, Organismo autónomos, Sindicatos, Municipios y Partidos Políticos? Cuáles son las instancias para realizar el cobro derivado de costos de reproducción por acceso a la información o datos personales Proporcionarme el flujo de solicitudes de acceso a la información, datos personales y recurso de revisión en formato accesible y sin costo | E40: Contestada | F40: Información se encuentra disponible en la Plataforma. | G40: 43663 | H40: Por este conducto le remito los flujogramas aprobados por el Pleno de esta Comisión de solicitudes de información de datos personales (derechos ARCO) y del recurso de revisión también en datos personales (derechos ARCO). Ahora bien, si a lo que se refiere en su solicitud de información es al flujo de recursos de revisión derivados de solicitudes de información en ejercicio de derechos de datos personales (derechos ARCO), presentados ante este organismo, única información de su solicitud que le compete a esta Dirección proporcionarle, ya que la CEGAIP a través de esta Dirección de Datos Personales, es quien substancia dicho procedimiento, de conformidad con el Título Décimo, Capítulo I de la Ley de Protección de Datos Personales en Posesión de los Sujetos Obligados del Estado de San Luis Potosí. Asimismo, derivado de que no estableció la periodicidad de la que requiere la información, en base al Criterio 09/2013 del Instituto Nacional de Transparencia, Acceso a la Información y Protección de Datos Personales, INAI, se le debe proporcionar la información del periodo inmediato anterior contado a partir de la fecha en que presentó su solicitud, sin embargo, en razón de que esta Dirección empezó a generar la información de los recursos de revisión derivados de solicitudes de información de derechos ARCO a partir de 2018, se le otorga la información desde entonces en el siguiente sentido:Recurso de Revisión ARCO Sujeto Obligado Sentido de Resolución RR-001/2018-1 ARCO SERVICIOS DE SALUD SE ORDENA ENTREGAR LOS DATOS SOLICITADOS RR-002/2018-2 ARCO PGJE SE DESECHA POR EXTEMPORÁNEA RR-003/2018-3 ARCO PGJE SE DESECHA POR EXTEMPORÁNEA RR-004/2018-1 ARCO SERVICIOS DE SALUD SE DESECHA POR IMPROCEDENTE 2019 Recurso de Revisión ARCO Sujeto Obligado Sentido de Resolución RR-001/2019-1 ARCO DIRECCIÓN DE REGISTRO CIVIL SE DESECHA NO CUMPLIÓ PREVENCIÓN RR-002/2019-2 ARCO DIRECCIÓN DE REGISTRO CIVIL SE DESECHA NO CUMPLIÓ PREVENCIÓN RR-003/2019-3 ARCO SECRETARÍA DE CULTURA SE DESECHA NO CUMPLIÓ PREVENCIÓN Con fundamento en el artículo 3° fracción XXXV, y artículos 54 fracción II, IV, V, 60, 61 y 62 de la Ley de Transparencia y Acceso a la Información Pública del Estado de San Luis Potosí, me permito comunicarle específicamente en relación a la presentación de solicitudes de acceso a la información pública, que cualquier persona por sí misma o a través de su representante, podrá presentar solicitud de acceso a la información, ante la Unidad de Transparencia de cada Sujeto Obligado, a través de la Plataforma Nacional, en la oficina u oficinas designadas para ello, vía correo electrónico, correo postal, mensajería, telégrafo, verbalmente o cualquier medio aprobado por el Sistema Nacional, según lo establecido en el artículo 144 de la Ley de transparencia estatal. En cuanto al costo de reproducción en las solicitudes de acceso a la Información, lo determinará cada Sujeto Obligado, es decir, cualquier autoridad, entidad, órgano y organismo de los poderes Ejecutivo; Legislativo; y Judicial; órganos autónomos; partidos políticos; fideicomisos y fondos públicos, informando al solicitante en caso de requerirle el pago correspondiente, el número de hojas simples que deberá pagar y el lugar donde deberá cubrir dicho pago, cumpliendo lo establecido en lo siguiente: ARTÍCULO 62. Los sujetos obligados deberán atender al principio de máxima publicidad, permitiendo que la información pública se difunda en medios electrónicos que facilite su reproducción directa por el interesado o solicitante. En los demás casos, respetando el principio de gratuidad, los sujetos obligados observarán las cuotas que se fijen en sus respectivas Leyes de Ingresos por su reproducción. Los sujetos obligados que por su naturaleza jurídica no cuenten con Ley de Ingresos, deberá remitirse a la Ley de Ingresos del Estado o Municipios, según corresponda. ARTÍCULO 165. En caso de existir costos para obtener la información, deberán cubrirse de manera previa a la entrega y no podrán ser superiores a la suma de: I. El costo de los materiales utilizados en la reproducción de la información; II. El costo de envío, en su caso, y III. El pago de la certificación de los Documentos, cuando proceda. Tratándose de la reproducción en medios magnéticos, si el solicitante aporta el medio en el que será almacenada la información, la reproducción será totalmente gratuita. Los sujetos obligados llevarán a cabo la reproducción y/o envío de la información solicitada, previo pago de los derechos correspondientes. La información deberá ser entregada sin costo, cuando implique la entrega de no más de veinte hojas simples. Las unidades de transparencia podrán exceptuar el pago de reproducción y envío atendiendo a las circunstancias socioeconómicas del solicitante. En relación con el flujo de solicitudes de acceso a la información, me permito acompañar en archivo adjunto, el flujograma (procedimiento en el trámite de las solicitudes de acceso a la información). Así mismo, y en virtud que no especificó el período respecto de la cual desea conocer la información, con apego al criterio 9/2013 emitido por el Instituto Nacional de Transparencia y Acceso a la Información y Protección de Datos Personales (INAI), se le comunica que puede consultar el informe mensual de las solicitudes interpuestas y tramitadas ante la CEGAIP en 2018 y lo que va del año 2019, en las siguientes rutas electrónicas: http://www.cegaipslp.org.mx/reportes.nsf/SolicitudesInstitucion?OpenPage&Start=1&Count=9999&Expand=2.3.2 http://www.cegaipslp.org.mx/reportes.nsf/SolicitudesInstitucion?OpenPage&Start=1&Count=9999&Expand=3.3.3 Igualmente me permito informarle con fundamento en la Ley de Protección de Datos Personales del Estado de San Luis Potosí, específicamente en relación con la presentación y costos de reproducción en cuanto a las solicitudes en datos personales; que los Sujetos Obligados deberán cumplir lo establecido en lo siguiente: Presentación de la solicitud de ejercicio de derechos ARCO ARTÍCULO 75. El titular, por sí mismo o por medio de su representante, podrá presentar una solicitud para el ejercicio de los derechos ARCO ante la Unidad de Transparencia del responsable, a través de escrito libre, formatos, medios electrónicos o cualquier otro medio que establezca la CEGAIP, o bien, vía Plataforma Nacional. Si la solicitud para el ejercicio de los derechos ARCO es presentada ante un área distinta a la Unidad de Transparencia, aquélla tendrá la obligación de indicar al titular la ubicación física de la Unidad de Transparencia. El responsable deberá dar trámite a toda solicitud para el ejercicio de los derechos ARCO y entregar el acuse de recibo que corresponda. Gratuidad del ejercicio de los derechos ARCO ARTÍCULO 84. El ejercicio de los derechos ARCO deberá ser gratuito. Sólo podrán realizarse cobros para recuperar los costos de reproducción, certificación o envío, conforme a la Ley de Ingresos del Estado de San Luis Potosí y demás disposiciones jurídicas aplicables. En su determinación se deberá considerar que los montos permitan o faciliten el ejercicio de este derecho. En ningún caso, el pago de derechos deberá exceder el costo de reproducción, certificación o envío a que se refiere el párrafo anterior. Cuando el titular proporcione el medio magnético, electrónico o el mecanismo necesario para reproducir los datos personales, los mismos deberán ser entregados sin costo a éste. Los datos personales deberán ser entregados sin costo cuando implique la entrega de no más de veinte hojas simples. La Unidad de Transparencia del responsable podrá exceptuar el pago de reproducción y envío atendiendo a las circunstancias socioeconómicas del titular. El responsable no podrá establecer para la presentación de las solicitudes para el ejercicio de los derechos ARCO algún servicio o medio que implique un costo al titular. En relación con el flujo de solicitudes en datos personales, interpuestas y tramitadas en la CEGAIP, se le comunica que, en el año 2018, fue interpuesta 01 (una) solicitud en datos personales, sin embargo, esta Comisión fue incompetente para tramitarla, orientando al solicitante, el Sujeto Obligado competente para gestionarla. Así mismo, en lo que va del presente año 2019, se le informa que a la fecha han sido presentadas 07 (siete) solicitudes en datos personales, de las cuales 02 fueron improcedentes, 03 se orientó al Sujeto Obligado competente, y las otras 02 se les realizó un requerimiento el cual no fue atendido, y por lo tanto, fueron desechadas. Por último, se acompaña también en archivo adjunto la Ley de Transparencia y Acceso a la Información Pública del Estado de San Luis Potosí, así como también la Ley de Protección de Datos Personales del Estado de San Luis Potosí. Por lo que toca a los Recursos de Revisión turnados a la Ponencia 1 de la cual soy titular, le informo que con fundamento en el artículo 151 de la Ley de Transparencia y Acceso a la Información Pública del Estado de San Luis Potosí, sírvase encontrar adjunto al presente el archivo de la anualidad 2018 y de 2019. Ahora en relación con lo peticionado, en virtud de que no se especificó la temporalidad respecto de la cual se desea conocer la información, con apego al criterio 09/2013 emitido por el Instituto Nacional de Transparencia y Acceso a la Información Pública, se otorgará la información correspondiente desde año inmediato anterior contado a partir de la fecha de la presentación de la solicitud: “Periodo de búsqueda de la información, cuando no se precisa en la solicitud de información. El artículo 40, fracción II de la Ley Federal de Transparencia y Acceso a la Información Pública Gubernamental, señala que los particulares deberán describir en su solicitud de información, de forma clara y precisa, los documentos requeridos. En ese sentido, en el supuesto de que el particular no haya señalado el periodo sobre el que requiere la información, deberá interpretarse que su requerimiento se refiere al del año inmediato anterior contado a partir de la fecha en que se presentó la solicitud. Lo anterior permite que los sujetos obligados cuenten con mayores elementos para precisar y localizar la información solicitada.” Lo anterior en un ejercicio de Transparencia proactiva en relación con el principio de máxima publicidad establecido en el artículo 8° fracción VI de la materia. Asimismo, se hace de su conocimiento que la información se le entrega en el estado en que se encuentra, de conformidad con el artículo 60 y 61 de la Ley de Transparencia y Acceso a la Información Pública del Estado de San Luis Potosí. Con base en lo establecido por los artículos 1°, 2°, fracción III; 3°, fracciones II, VI, VII, XI; 4°, 12, 18, 19, 23, 74, fracción III; 129 y 133 de la Ley General de Transparencia y Acceso a la Información Pública; 18, 19, 2º, 59, 84, fracción XLIII; 88, fracción III; inciso a; 151 y 154 de la Ley de Transparencia y Acceso a la Información Pública del Estado, esta Ponencia cuenta con atribuciones para otorgar la respuesta a la presente solicitud de manera parcial, pues solamente le corresponde el trámite de los recursos de revisión de los que conozca. A partir del diez de mayo de dos mil dieciséis, se integraron como nuevas áreas administrativas las diversas ponencias que conforman a la Comisión Estatal de Garantía de Acceso a la Información Pública, mismas que operan con fundamento en los artículos 150, fracción I, de la Ley General, 174, fracción I, de la Ley Local y 51 del Reglamento Interior de la Comisión Estatal de Garantía de Acceso a la Información Pública del Estado; por lo que corresponde llevar a cabo el trámite de los recursos de revisión, así como el cumplimiento de las resoluciones dictadas dentro de los expedientes incorporados a la ponencia mediante el turno correspondiente; en consecuencia, esta unidad administrativa, en acatamiento a sus atribuciones proporcionará la información que con fundamento en los preceptos normativos citados, teniendo la obligación de generar, poseer y administrar, es decir, lo relativo a los recursos que han sido turnados ante esta área; por lo tanto esta unidad administrativa procederá a atender lo referente a la solicitud de información en el sentido siguiente: Respecto a la parte de su solicitud que hace referencia a: Proporcionarme el flujo de solicitudes de acceso a la información, datos personales y recurso de revisión en formato accesible y sin costo…”. Se hace de su conocimiento que anexo a la presente la relación de los recursos de revisión sustanciados en esta Unidad de Ponencia a través de los cuales podrá visualizar datos que podrán ser de su interés en razón de lo aquí solicitado, lo anterior conforme a lo dispuesto en el artículo 60 y 61 de la Ley de Transparencia y Acceso a la Información Pública del Estado de San Luis Potosí, mismo que a la letra dice: “…ARTÍCULO 60. En la formulación, producción, procesamiento, administración, archivo y resguardo de la información, debe atenderse al principio de la máxima publicidad, con el objeto de facilitar el acceso de cualquier persona a su conocimiento. La obligación de entregarla no implica el procesamiento, ni la adecuación de la información al interés del solicitante, salvo la producción de versiones públicas del documento; El tratamiento de documentación histórica deberá hacerse en términos establecidos en el artículo 50 de esta Ley…” “…ARTÍCULO 61. Los servidores públicos y las áreas de los sujetos obligados que formulen, produzcan, procesen, administren, archiven y resguarden información pública, son responsables de la misma y están obligados a permitir el ejercicio del derecho de acceso a la información pública en los términos de esta Ley. La obligación de los sujetos obligados de proporcionar información no comprende el procesamiento de la misma, ni el presentarla conforme al interés del solicitante…” De igual forma, esta unidad de ponencia considera importante señalar los numerales en materia de acceso a la información pública en razón del procedimiento del recurso de revisión ante la Comisión Estatal de Garantía de Acceso a la Información Pública. En ese tenor la ley de la materia se establece lo siguiente: “…ARTÍCULO 166. El solicitante podrá interponer, por sí mismo o a través de su representante, de manera directa o por medios electrónicos, recurso de revisión ante la CEGAIP o ante la Unidad de Transparencia que haya conocido de la solicitud dentro de los quince días siguientes a la fecha de la notificación de la respuesta, o del vencimiento del plazo para su notificación. En el caso de que se interponga ante la Unidad de Transparencia, ésta deberá remitir el recurso de revisión a la CEGAIP a más tardar al día siguiente de haberlo recibido. ARTÍCULO 167. El recurso de revisión procederá en contra de: I. La clasificación de la información; II. La declaración de inexistencia de información; III. La declaración de incompetencia por el sujeto obligado; IV. La entrega de información incompleta; V. La entrega de información que no corresponda con lo solicitado; VI. La falta de respuesta a una solicitud de acceso a la información dentro de los plazos establecidos en la ley; VII. La notificación, entrega o puesta a disposición de información en una modalidad o formato distinto al solicitado; VIII. La entrega o puesta a disposición de información en un formato incomprensible y/o no accesible para el solicitante; IX. Los costos o tiempos de entrega de la información; X. La falta de trámite a una solicitud; XI. La negativa a permitir la consulta directa de la información; XII. La falta, deficiencia o insuficiencia de la fundamentación y/o motivación en la respuesta, o XIII. La orientación a un trámite específico. La respuesta que den los sujetos obligados derivada de la resolución a un recurso de revisión que proceda por las causales señaladas en las fracciones III, VI, VIII, IX, X y XI es susceptible de ser impugnada de nueva cuenta, mediante recurso de revisión, ante la CEGAIP…” ARTÍCULO 168. El recurso de revisión deberá contener: I. El sujeto obligado ante la cual se presentó la solicitud; II. El nombre del solicitante que recurre o de su representante y, en su caso, del tercero interesado, así como la dirección o medio que señale para recibir notificaciones; III. El número de folio de respuesta de la solicitud de acceso; IV. La fecha en que fue notificada la respuesta al solicitante o tuvo conocimiento del acto reclamado, o de presentación de la solicitud, en caso de falta de respuesta; V. El acto que se recurre; VI. Las razones o motivos de agravio, y VII. La copia de la respuesta que se impugna y, en su caso, de la notificación correspondiente, salvo en el caso de respuesta de la solicitud. Adicionalmente, se podrán anexar las pruebas y demás elementos que considere procedentes someter a juicio de la CEGAIP. En ningún caso será necesario que el particular ratifique el recurso de revisión interpuesto…” INFORMACIÓN ADICIONAL: De acuerdo con el criterio 9/13 emitido por el Instituto Federal de Acceso a la Información Pública ahora Instituto Nacional de Transparencia, Acceso a la Información y Protección de Datos Personales, se entrega la información, a partir de enero 2018 al mes de junio de 2019 dos mil diecinueve, toda vez que Usted no señaló el periodo sobre el que requiere la información, por lo que esta Unidad de Ponencia deberá interpretarse que su requerimiento se refiere al del año inmediato anterior contado a partir de la fecha en que se presentó la solicitud. Con fundamento en lo establecido por los artículos 2º, 18, 19, 59, 84, fracción XLIII; 88, fracción III; inciso a; 151 y 154 de la Ley de Transparencia y Acceso a la Información Pública del Estado, esta Ponencia cuenta con atribuciones para otorgar la respuesta a parte de la solicitud mencionada pues le corresponde el trámite de los recursos de revisión de los que conozca. Requirió el solicitante por lo que se da contestación por lo que toca a la información que generó esta Unidad de Ponencia Tres lo siguiente: “[…] Proporcionarme el flujo de solicitudes de acceso a la información, datos personales y recurso de revisión en formato accesible y sin costo. […]” Ahora bien, toda vez que el solicitante no señala el periodo sobre el que requiere la información, se adjunta a la presente respuesta, la tabla de control general de expedientes, que contiene los recursos de revisión turnados para trámite a esta Ponencia del año dos mil dieciocho y lo que va del año dos mil diecinueve. Lo anterior tiene sustento en el siguiente criterio emitido por el Periodo de búsqueda de la información, cuando no se precisa en la solicitud de información. El artículo 40, fracción II de la Ley Federal de Transparencia y Acceso a la Información Pública Gubernamental, señala que los particulares deberán describir en su solicitud de información, de forma clara y precisa, los documentos requeridos. En ese sentido, en el supuesto de que el particular no haya señalado el periodo sobre el que requiere la información, deberá interpretarse que su requerimiento se refiere al del año inmediato anterior contado a partir de la fecha en que se presentó la solicitud. Lo anterior permite que los sujetos obligados cuenten con mayores elementos para precisar y localizar la información solicitada. Por otro lado, le informo que de conformidad con el artículo 154 tercer párrafo de la Ley de Transparencia y Acceso a la Información Pública del Estado de San Luis Potosí, se le informa que en caso de inconformidad podrá interponer el recurso de revisión establecido en el artículo 166 de la Ley de Transparencia y Acceso a la Información Pública del Estado de San Luis Potosí. | I40: NINGUNO | J40: PNT | K40: NINGUNO | L40: =IF(Formato!$C40<>"",MONTH(C40),"") -> 7 | M40: =IF(Formato!$G40<>"",MONTH(G40),"") -> 7
A41: CEGAIP-SI-169/2019-00874019-PNT | B41: J.GUADALUPE FLORES HUERTA | C41: 43647 | D41: SOLICITO POR ESTE MEDIO Y EN ARCHIVO ELECTRÓNICO LOS REGISTROS DE ENTRADA Y SALIDA DE J. GUADALUPE FLORES HUERTA DE LOS MESES Y AÑOS QUE DETALLO A CONTINUACIÓN: POR EL AÑO 2016 EL PERIODO COMPRENDIDO DE JULIO A DICIEMBRE. POR EL AÑO 2017 EL PERIODO COMPRENDIDO DE ENERO A DICIEMBRE. POR EL AÑO 2018 EL PERIODO COMPRENDIDO DE ENERO A NOVIEMBRE. | E41: Contestada | F41: Información se encuentra disponible en la Plataforma. | G41: 43661 | H41: Me permito comunicarle que, para remitirle la información solicitada en formato electrónico, fue necesario crear el siguiente hipervínculo, para lograr poner a su disposición los archivos que remitió la Unidad Administrativa correspondiente. Puede consultarla en la siguiente ruta electrónica: http://www.cegaipslp.org.mx/HV2019Dos.nsf/nombre_de_la_vista/855674DC8B3AC4618625843800703F41/$File/CEGAIP-S.I.-169-19-00874019-PNT.zip Lo anterior, con fundamento en el artículo 149 de la Ley de Transparencia y Acceso a la Información Pública del Estado de San Luis Potosí, así como en el Lineamiento sexagésimo quinto, capítulo IV- Trámite de las solicitudes de Acceso a la Información, de los Lineamientos para la Implementación y Operación de la Plataforma Nacional de Transparencia, ya que no es posible adjuntar toda la información por este medio, dada la magnitud de la misma; y debido a que rebasa la capacidad de almacenamiento con el que cuenta el Sistema de solicitudes INFOMEX, perteneciente a la Plataforma Nacional de Transparencia (PNT). | I41: NINGUNO | J41: PNT | K41: NINGUNO | L41: 7
A42: CEGAIP-SI-019/2019-MANUAL | B42: JESÚS FEDERICO PIÑA FRAGA | C42: 43647 | D42: SOLICITO ACCESO Y CONSULTA A LOS DOCUMENTOS OFICIALES QUE SE ORIGINARON Y GENERARON EN ESA COMISION, CON LOS ARGUMENTOS, FUNDAMENTOS Y MOTIVOS POR LOS QUE YA NO LE RENOVARON EL CONTRATO POR HONORARIOS A LA ANTES INTEGRANTE DE ESA COMISION Y LABORABA EN LA DIRECCION ADMINISTRATIVA DE NOMBRE: HILDA CHAVEZ DUQUE, DEBIENDO INCLUIR EN LOS DOCTOS. SOLICITADOS EL ACTA QUE SE LEVANTO Y FORMULO EL ULTIMO DIA DE SIS LABORES EN ESA COMISION, MISMA QUE FUE DICTADA POR LA COMISIONADA PRESIDENTE, EN PRESENCIA DE LA SECRETARIA TECNICA, DE LA DIRECTORA DE ADMON., DEL CONTRALOR INTERNO Y LOS QUE HAYAN ESTADO MAS PRESENTES EN ESE MOMENTO. POR LO QUE UNA VEZ QUE SE ME PERMITA EL ACCESO Y LA CONSULTA EL SUSCRITO DECIDIRE DE QUE DOCTOS. SOLICITO LA REPRODUCCION Y HARE EL PAGO A LA CUENTA BANCARIA PARA DICHO PAGO. | E42: Contestada | F42: Se pone a disposición la información para consulta directa. | G42: 43661 | H42: Se le comunica, que se pone a su disposición el memorándum DAF-172/2019 signado por la Dirección de Administración y Finanzas, el memorándum SP/377/2019, signado por la Secretaria de Pleno, el acta levantada el 28 de junio de 2019, documentos que obran en los archivos de esta Dirección. Al respecto, se informa al peticionario que los documentos oficiales que se generaron y originaron con motivo de la no contratación de la persona que señala en su solicitud de información (Hilda Chávez Duque), es el Acta de la Sesión Extraordinaria de fecha 26 de junio de 2019, específicamente el Acuerdo de Pleno CEGAIP-927/2019.S.E, el memorándum DAF-0172/2019 y el acta de hechos de fecha 28 de junio de 2019, en consecuencia, dichos documentos se le ponen a su disposición para su acceso y consulta, en la Secretaría de Pleno que se ubica en las instalaciones de esta Comisión. | I42: NINGUNO | J42: Personal | K42: NINGUNO | L42: 7
